 Dungeon Crawl Stone Soup version 0.29-a0-791-ga0f254aafb (webtiles) character file.

Game seed: 6256848263628016049

18 Malachi the Sneak (level 2, 0/22 HPs)
             Began as a Demonspawn Brigand on July 3, 2022.
             Slain by Natasha (4 damage)
             ... on level 2 of the Dungeon.
             The game lasted 00:00:47 (1009 turns).

Malachi the Sneak (Demonspawn Brigand)              Turns: 1009, Time: 00:00:47

Health: 0/22       AC:  3    Str: 11    XL:     2   Next: 51%
Magic:  2/2        EV: 11    Int: 12    God:
Gold:   53         SH:  0    Dex: 14    Spells: 1/1 levels left

rFire   . . .      SeeInvis .   a - +2 dagger
rCold   . . .      Faith    .   (no shield)
rNeg    . . .      Spirit   .   b - +0 robe
rPois   .          Reflect  .   (no helmet)
rElec   .          Harm     .   c - +0 cloak
rCorr   .          Rampage  .   (no gloves)
Will    .....                   (no boots)
Stlth   ++........              (no amulet)
HPRegen 0.07/turn               l - ring of flight
MPRegen 0.08/turn               (no ring)

@: flying, slowed, very slow
A: spiny 1
a: no special abilities


You were on level 2 of the Dungeon.
You visited 1 branch of the dungeon, and saw 2 of its levels.

You collected 53 gold pieces.

Inventory:

Hand Weapons
 a - a +2 dagger (weapon)
Missiles
 d - 15 poisoned darts (quivered)
 e - 3 curare-tipped darts
Armour
 b - a +0 robe (worn)
 c - a +0 cloak (worn)
Jewellery
 l - a ring of flight (left hand)
Scrolls
 g - a scroll of teleportation {unknown}
 h - a scroll of enchant armour {unknown}
Potions
 f - a potion of haste {unknown}
 i - 2 potions of curing {unknown}
 j - a potion of degeneration {unknown}
 k - 2 potions of lignification {unknown}


   Skills:
 - Level 2.0 Fighting
 * Level 2.9 Short Blades
 - Level 1.7 Throwing
 - Level 0.8 Dodging
 - Level 3.6 Stealth


You had one spell level left.
You didn't know any spells.
Your spell library contained the following spells:

 Spells                   Type           Power      Damage    Failure   Level
 Necrotize                Necr           0%         1d4       32%         1
 Vampiric Draining        Necr           0%         2d6       69%         3
 Agony                    Necr           0%         N/A       100%        5


Dungeon Overview and Level Annotations

Branches:
Dungeon (2/15)

Altars:

Annotations:
D:2 Natasha


Innate Abilities, Weirdness & Mutations

You are partially covered in sharp spines.


Message History

You are frozen.
You hit the endoplasm.
You kill the endoplasm!
Found a stone staircase leading down.
Natasha hisses angrily.
You hear a bark!
A jackal comes into view.
You hear a bark! x2
You closely miss Natasha. Natasha is struck by your spines.
Natasha claws you but does no damage.
You barely miss Natasha. Your punch misses Natasha.
Natasha is moderately wounded.
Natasha claws you. The jackal is struck by your spines. The jackal bites you.
You hit the jackal.
You kill the jackal!
Natasha stares at you and mumbles some strange words.
You feel yourself slow down.
You hit Natasha but do no damage.
Natasha is lightly wounded.
Natasha casts a spell at you. You resist with significant effort.
You hit Natasha.
Natasha is moderately wounded.
A jackal comes into view.
Natasha claws you but does no damage.
You closely miss Natasha.
Natasha is moderately wounded.
Natasha is struck by your spines. Natasha claws you!
* * * LOW HITPOINT WARNING * * *
The jackal is struck by your spines.
The jackal bites you but does no damage.
You are too injured to fight recklessly!
You are too injured to fight recklessly!
You are too injured to fight recklessly!
Unknown command.
Natasha howls an incantation.
Natasha's front paws start to glow.
Natasha barely misses you. The jackal bites you.
* * * LOW HITPOINT WARNING * * *
Natasha attacks as you move away! Natasha claws you.
You die...

.. .# #.#
####.>
....# #...
#†.# # #hh#
#..###.@#
#.......#
#.####.##
#.###...###
#........(#
#####...###
##.## #.#
#.##


You could see Natasha and a jackal.

Vanquished Creatures
  3 endoplasms
  2 hobgoblins (D:1)
  3 jackals
  2 kobolds (D:1)
  2 ball pythons (D:1)
  3 bats (D:1)
  A goblin (D:1)
  A rat (D:1)
17 creatures vanquished.

Notes
Turn   | Place    | Note
-------+----------+-------------------------------------------
     0 | D:1      | Malachi the Demonspawn Brigand began the quest for the Orb.
     0 | D:1      | Reached XP level 1. HP: 16/16 MP: 1/1
   478 | D:1      | Gained mutation: You are partially covered in sharp spines.
                  | [demonic ancestry]
   478 | D:1      | Reached XP level 2. HP: 22/22 MP: 2/2
   993 | D:2      | Noticed Natasha
  1009 | D:2      | Slain by Natasha

Illustrated notes

Levels and vault maps discovered:
D:1:      lemuel_arrival_room, layout_loops_ring, chequers_serial_rivers_room_a,
          minmay_close_crescents
D:2:      layout_loops_ring, hellmonk_ecumenical_altar_run_dry, basic_altar,
          uniq_natasha, uniq_crazy_yiuf_cottage, uniq_robin

Skill      XL: |  1 |
---------------+----+-----
Short Blades   | 2 |  2.9
Fighting       | |  2.0
Throwing       | |  1.7
Dodging        | |  0.8
Stealth        | |  3.6

Action                   || total
-------------------------++-------
Melee: Dagger            ||    45
 Stab: Sleeping          ||     5
Armor: Robe              ||    16
Dodge: Dodged            ||    21

Table legend: (Time is in decaauts)
 A = Elapsed time spent in this place.
 B = Non-inter-level travel time spent in this place.
 C = Inter-level travel time spent in this place.
 D = Time resting spent in this place.
 E = Time spent auto-exploring this place.
 F = Levels seen in this place.
 G = Mean time per level.
                   A        B        C        D        E       F      G
               +--------+--------+--------+--------+--------+-----+--------+
         Total |   1004 |    996 |      8 |    191 |    685 |   2 |  502.0 |
       Dungeon |   1004 |    996 |      8 |    191 |    685 |   2 |  502.0 |
               +--------+--------+--------+--------+--------+-----+--------+

Top non-repeatable levels by time:
     D:1: 983 daAuts
     D:2: 21 daAuts
